 Dungeon Crawl Stone Soup version 0.30.0-17-ge0270778cf (webtiles) character file.

Game seed: 18291099817476807123

312 hawla the Firebug (level 7, -3/52 HPs)
             Began as a Meteoran Fire Elementalist on May 19, 2023.
             Slain by a centaur zombie (5 damage)
             ... in an ossuary on May 22, 2023.
             The game lasted 00:08:06 (737 turns).

hawla the Firebug (Meteoran Fire Elementalist)       Turns: 737, Time: 00:08:07

Health: -3/52      AC:  2    Str: 10    XL:     7   Next: 2%
Magic:  1/13       EV: 12    Int: 19    God:
Gold:   59         SH:  0    Dex: 14    Spells: 2/13 levels left

rFire   . . .        c - +0 long sword
rCold   . . .        (no shield)
rNeg    . . .        a - +0 robe
rPois   .            (no helmet)
rElec   .            (no cloak)
rCorr   .            (no gloves)
SInv    .            (no boots)
Will    .....        (no amulet)
Stlth   +            (no ring)
HPRegen 0.28/turn    (no ring)
MPRegen 0.13/turn

%: no passive effects
@: glowing
A: sense surroundings 1, otherworldly, glowing, explore regen
a: no special abilities


You were in an ossuary.
You visited 1 branch of the dungeon, and saw 5 of its levels.
You also visited: Ossuary.

You collected 59 gold pieces.

Inventory:

Hand Weapons
 c - a +0 long sword (weapon)
Armour
 a - a +0 robe (worn)
Wands
 f - a wand of mindburst (15) (quivered)


   Skills:
 - Level 1.1 Fighting
 + Level 2.0 Long Blades
 - Level 2.7 Dodging
 - Level 1.4 Stealth
 - Level 3.8 Spellcasting
 - Level 4.5 Conjurations
 * Level 2.3 Necromancy
 - Level 4.7 Fire Magic


You had 2 spell levels left.
You knew the following spells:

 Your Spells              Type           Power      Damage    Failure   Level
a - Foxfire               Conj/Fire      84%        2x1d8     1%          1
b - Scorch                Fire           42%        2d6       3%          2
c - Flame Wave            Conj/Fire      21%        2d8       21%         4
d - Dispel Undead         Necr           12%        3d9       47%         4

Your spell library contained the following spells:

 Spells                   Type           Power      Damage    Failure   Level
 Kiss of Death            Conj/Necr      64%        2d10      3%          1
 Summon Small Mammal      Summ           12%        N/A       14%         1
 Inner Flame              Hex/Fire       12%        N/A       16%         3
 Volatile Blastmotes      Fire/Tloc      24%        2d12      16%         3
 Call Canine Familiar     Summ           3%         N/A       38%         3
 Confusing Touch          Hex            3%         N/A       38%         3
 Summon Guardian Golem    Hex/Summ       3%         N/A       38%         3


Dungeon Overview and Level Annotations

Branches:
Dungeon (5/15) Zot: 2571  Ossuary (1/1) Zot: 293
 Temple: D:4-7

Altars:

Shops:
D:4 [


Innate Abilities, Weirdness & Mutations

You passively map a small area around you.
You are easily found by Zot.
You glow in the dark.
You regain HP and MP as you explore.


Message History

Unknown command.
Casting: Foxfire (safe; 1% risk of failure)
Confirm with . or Enter, or press ? or * to list all spells.
You conjure some foxfire!
The mummy hits you.
* * * LOW HITPOINT WARNING * * *
You hit the mummy.
The mummy is heavily damaged.
The foxfire hits the mummy.
The mummy is burned terribly!
The mummy is severely damaged.
The foxfire hits the mummy.
The mummy is burned terribly!
The mummy is almost destroyed.
Unknown command.
Casting: Foxfire (safe; 1% risk of failure)
Confirm with . or Enter, or press ? or * to list all spells.
You conjure some foxfire!
The mummy hits you.
* * * LOW HITPOINT WARNING * * *
You hit the mummy but do no damage.
The mummy is almost destroyed.
The foxfire hits the mummy.
The mummy is burned terribly!
You destroy the mummy!
The foxfire hits the hound zombie.
The hound zombie is severely damaged.
The centaur zombie hits you.
* * * LOW HITPOINT WARNING * * *
The centaur zombie closely misses you.
Your Long Blades skill increases to level 2!
You have reached level 7!
You slash the centaur zombie!
The centaur zombie is moderately damaged.
The centaur zombie hits you.
* * * LOW HITPOINT WARNING * * *
The centaur zombie kicks you.
* * * LOW HITPOINT WARNING * * *
The centaur zombie hits you.
* * * LOW HITPOINT WARNING * * *
The centaur zombie closely misses you.
Casting: Foxfire (safe; 1% risk of failure)
Confirm with . or Enter, or press ? or * to list all spells.
You conjure some foxfire!
The centaur zombie hits you.
You die...

######################
#........∩..∩........#
#....................#
#......########......#
#...####....+ ####...#
#..##, , ..Z# ,#.##..#
#..# **#Z####..'..#
#..## #@.....##..#
#...#### #vv.####§..#
#......########..§...#
#....................#
#....................#
#......########......#
#...#### ####...#
#..## * ##..#
#..'.....Z , ', #..#


You could see a hound zombie and a centaur zombie (ally target).

Vanquished Creatures
  An elf zombie (Ossuary)
  A centaur zombie (Ossuary)
  A jelly (D:5)
  A hound (D:4)
  An iguana (D:5)
  3 hound zombies (Ossuary)
  2 mummies (Ossuary)
  An adder (D:5)
  A white imp (D:4)
  2 adder zombies (Ossuary)
  A dart slug (D:2)
  4 ball pythons
  2 bats
  An endoplasm (D:3)
  2 giant cockroaches
  2 goblins
  3 hobgoblins
  2 quokkas
  A frilled lizard (D:2)
  2 goblin zombies (Ossuary)
  A hobgoblin zombie (Ossuary)
  3 jackal zombies (Ossuary)
  2 kobolds
  4 kobold zombies (Ossuary)
  4 orc zombies (Ossuary)
  4 quokka zombies (Ossuary)
  4 rats
  4 rat zombies (Ossuary)
60 creatures vanquished.

Vanquished Creatures (others)
  105 foxfires
105 creatures vanquished.

Grand Total: 165 creatures vanquished

Notes
Turn   | Place    | Note
-------+----------+-------------------------------------------
     0 | D:1      | hawla the Meteoran Fire Elementalist began the quest for
                  | the Orb.
     0 | D:1      | Reached XP level 1. HP: 14/14 MP: 5/5
   133 | D:1      | Reached XP level 2. HP: 18/20 MP: 5/7
   145 | D:1      | Learned a level 2 spell: Scorch
   211 | D:2      | Reached XP level 3. HP: 26/26 MP: 4/8
   318 | D:4      | Found Yhiupn Dabu's Antique Armour Boutique.
   322 | D:4      | Reached XP level 4. HP: 34/34 MP: 5/10
   334 | D:4      | Learned a level 4 spell: Flame Wave
   352 | D:4      | You fall into a shaft and drop 1 floor!
   352 | D:5      | Entered Level 5 of the Dungeon
   400 | D:5      | Reached XP level 5. HP: 39/39 MP: 7/11
   414 | D:5      | Noticed a bullfrog
   423 | D:5      | Found a sand-covered staircase.
   425 | D:5      | Upgraded the game from 0.30.0-15-g856e2d3f33 to
                  | 0.30.0-17-ge0270778cf
   431 | Ossuary  | Entered an ossuary
   437 | Ossuary  | Learned a level 4 spell: Dispel Undead
   511 | Ossuary  | Reached skill level 1 in Necromancy
   511 | Ossuary  | Reached XP level 6. HP: 22/46 MP: 1/12
   686 | Ossuary  | Reached skill level 1 in Fighting
   686 | Ossuary  | Reached skill level 1 in Long Blades
   736 | Ossuary  | Reached XP level 7. HP: 8/52 MP: 1/13
   736 | Ossuary  | HP: 1/52 [centaur zombie (2)]
   737 | Ossuary  | Slain by a centaur zombie

Illustrated notes

Levels and vault maps discovered:
D:1:      nagdon_arrival_zigzag_paths, layout_basic, minmay_heptomino_l4
D:2:      layout_basic, serial_shops, shop, minmay_indecisive_spiral,
          uniq_jessica
D:3:      layout_basic, shapermc_ecumenical_altar_starsandcircs, serial_shops,
          nicolae_shop_back_alley_shop, corexii_leaking_fountain, uniq_sigmund
D:4:      layout_rooms, serial_shops, nicolae_stop_n_shop_1
D:5:      layout_layer_cave, nemelex_diamond_rough_becter,
          minmay_temple_entry_butterflies, portal_sewer_entry_d,
          gup_ossuary_entry_pyramid
Ossuary:  minmay_ossuary_two_tombs

Skill      XL: |  1  2  3  4  5  6 |
---------------+-------------------+-----
Spellcasting   | 3 |  3.8
Fire Magic     | 4 |  4.7
Conjurations   | 2 4 |  4.5
Necromancy     | 1 2 |  2.3
Fighting       | 1 |  1.1
Long Blades    | 2 |  2.0
Dodging        | |  2.7
Stealth        | |  1.4

Action                     |  1- 3 |  4- 6 |  7- 9 || total
---------------------------+-------+-------+-------++-------
  Melee: Unarmed           |     7 |       |       ||     7
         Long sword        |       |    46 |     1 ||    47
         Punch             |       |     1 |       ||     1
   Cast: Foxfire           |    32 |    35 |     1 ||    68
         Scorch            |     1 |     6 |       ||     7
         Flame Wave        |       |     4 |       ||     4
    Use: Scroll            |     2 |       |       ||     2
         Potion            |       |     3 |       ||     3
 Armour: Robe              |     1 |    33 |       ||    34
  Dodge: Dodged            |     6 |    69 |     1 ||    76
